 Dungeon Crawl Stone Soup version 0.15-a0-773-g3a4c672 (webtiles) character file.

95 4tharraofdagon the Chopper (level 4, 0/28 HPs)
             Began as a Gargoyle Gladiator on May 13, 2014.
             Slain by a gnoll
             ... wielding a +0,+0 flail
              (4 damage)
             ... on Level 4 of the Dungeon.
             The game lasted 00:03:18 (616 turns).

4tharraofdagon the Chopper (Gargoyle Gladiator)      Turns: 616, Time: 00:03:18

HP   0/28        AC 12     Str 19      XL: 4   Next: 66%
MP   4/4         EV  8     Int  9      God:
Gold 47          SH  0     Dex 10      Spells:  0 memorised,  3 levels left

rFire  . . .     SeeInvis .     a - +0 war axe
rCold  . . .     Clarity  .     i - +0 scale mail
rNeg   + . .     Conserve .     (no shield)
rPois  +         rCorr    .     c - +0 helmet
rElec  +         rRot     +     q - +0 cloak
SustAb . .       Spirit   .     (no gloves)
rMut   .         Warding  .     (no boots)
Gourm  .         Stasis   .     (no amulet)
MR     .....                    (no ring)
                                (no ring)

@: not resistant to hostile enchantments, extremely unstealthy
A: life protection 1, electricity resistance, unbreathing, petrification
resistance, AC +3
a: no special abilities


You were on level 4 of the Dungeon.
You were very full.

You visited 1 branch of the dungeon, and saw 5 of its levels.

You collected 47 gold pieces.

Inventory:

Hand weapons
 a - a +0,+0 war axe (weapon)
Missiles
 d - 2 throwing nets (quivered)
 j - 21 stones
Armour
 b - a +0 leather armour
 c - a +0 helmet (worn)
 e - a +0 ring mail
 i - a +0 scale mail (worn)
 q - a +0 cloak (worn)
Comestibles
 f - a bread ration
Scrolls
 g - a scroll of fog {unknown}
 h - a scroll of random uselessness {unknown}
 k - a scroll of identify {unknown}
 l - a scroll of enchant armour {unknown}
 m - a scroll of amnesia {unknown}
 p - a scroll of teleportation {unknown}
 s - a scroll of blinking {unknown}
Potions
 n - 2 potions of agility {unknown}
 o - a potion of mutation {unknown}


   Skills:
 + Level 3.1 Fighting
 * Level 3.6 Axes
 - Level 2.0 Throwing
 + Level 2.5 Armour
 - Level 2.4 Dodging


You had 3 spell levels left.
You didn't know any spells.

Dungeon Overview and Level Annotations

Branches:
Dungeon (5/15)
 Temple: D:4-7

Altars:
Elyvilon
Qazlal
The Shining One


Innate Abilities, Weirdness & Mutations

You are resistant to torment.
You are immune to poison.
You are immune to rotting.
Your stone body is very resilient (AC +3).
You resist negative energy.
You are resistant to electric shocks.
You can survive without breathing.
You are immune to petrification.


Message History

The gnoll is severely wounded.
You closely miss the gnoll.
The gnoll is severely wounded.
The gnoll hits you with a flail.
* * * LOW HITPOINT WARNING * * *
The gnoll hits you with a spear.
* * * LOW HITPOINT WARNING * * *
Throwing (i - inventory. (,) - cycle):
d - 3 throwing nets (quivered)
Press: ? - help, Shift-Dir - straight line, f - gnoll
Aim: a gnoll, wielding a spear (severely wounded)
You throw a throwing net. The throwing net hits the gnoll.
The gnoll is caught in the net!
The gnoll is severely wounded.
The gnoll struggles to escape the net.
The gnoll hits you but does no damage.
Unknown command.
Unknown command.
Drink which item? (? for menu, Esc to quit)
That potion was really gluggy!
The gnoll struggles against the net.
The gnoll hits you with a flail.
You die...

#. #.# ####.#### #.#
#.......###.######
#.............#
#.##.###.####.# #.# #.#
#.# #.##.###.####.########
#.......g).............
........###.@<............
####.##.# #g.##..#######.#
#. #.# #..##..# # #.#
#..##..# #.# #..##..# ##
##.###..##..####
#.................+ #.
######..##..##.#
#.#######..##..# #


You could see 2 gnolls.

Vanquished Creatures
  Natasha (twice) (D:3)
  A gnoll (D:4)
  An adder (D:4)
  A giant mite (D:2)
  A shadow imp (D:3)
  A giant gecko (D:1)
  7 orcs (D:3)
  5 bats
  A giant cockroach (D:3)
  A goblin (D:2)
  2 hobgoblins
  2 giant newts
  A hobgoblin skeleton (D:4)
  3 kobolds
  3 rats (D:2)
32 creatures vanquished.

Notes
Turn   | Place    | Note
--------------------------------------------------------------
     0 | D:1      | 4tharraofdagon, the Gargoyle Gladiator, began the quest for the Orb.
     0 | D:1      | Reached XP level 1. HP: 12/12 MP: 1/1
    58 | D:1      | Reached skill level 1 in Armour
   142 | D:2      | Reached XP level 2. HP: 16/18 MP: 2/2
   176 | D:2      | Reached skill level 3 in Axes
   243 | D:3      | Noticed Natasha
   271 | D:3      | Reached XP level 3. HP: 15/22 MP: 3/3
   284 | D:3      | Killed Natasha
   300 | D:3      | Reached XP level 4. HP: 18/27 MP: 4/4
   317 | D:3      | Noticed Natasha
   327 | D:3      | Found a stormy altar of Qazlal.
   343 | D:3      | Killed Natasha
   479 | D:4      | Found a white marble altar of Elyvilon.
   571 | D:5      | Entered Level 5 of the Dungeon
   574 | D:5      | Found a glowing golden altar of the Shining One.
   616 | D:4      | Slain by a gnoll

Action                   |  1- 3 |  4- 6 || total
-------------------------+-------+-------++-------
Melee: War axe           |    54 |    39 ||    93
Throw: Throwing net      |     1 |     4 ||     5
  Use: Potion            |     2 |     3 ||     5

Vault maps used:
D:1:      evilmike_arrival_crescent
D:3:      nicolae_qazlal_general_emergency, first_bread, uniq_natasha
D:4:      elyvilon_altar_3
D:5:      wad_crossroads, tso_metal_star, serial_shops, kennysheep_mini,
          cheibriados_altar_wand_db, uniq_iyjb, uniq_duvessa, uniq_eustachio
